AoeStats
← 沙正街小霸王

Arena

509614776Analyzed
4v4 RM · 3d ago on Sep 27, 2026· 50m 13s· 8 players
Game mode
Random Map
Map size
Large (8 player)
Population
200
Speed
Normal
Resources
Standard
Victory
Conquest
Starting age
Dark Age
Ending age
Imperial Age
RankedLock teamsTeams togetherTeam positionsShared explorationLock speedFull tech treeHidden civsTurbo modeCheats
Victory
Defeat
🇨🇳 Celts · China
1025
+12
🇩🇪 Magyars · Germany
1007
+24
🇨🇳 Britons · China
1001
+13
🇪🇸 Franks · Spain
997
+13
🇹🇷 Turks · Türkiye
982
-15
🇫🇷 Byzantines · France
940
-13
🇹🇷 Bohemians · Türkiye
927
-12
🇹🇷 Aztecs · Türkiye
896
-11
沙正街小霸王
11:00 Feudal Age
11:53 Horse Collar
12:01 Double-Bit Axe
15:59 Castle Age
15:35 Gold Mining
16:26 Fletching
17:15 Bow Saw
17:18 Heavy Plow
19:20 Loom
20:28 Gold Shaft Mining
19:53 Town Watch
21:19 Stone Mining
23:23 Ballistics
23:15 Padded Archer Armor
24:32 Squires
25:21 Fortified Wall
25:32 Bodkin Arrow
25:37 Crossbowman
26:43 Masonry
29:05 Leather Archer Armor
30:22 Wheelbarrow
29:45 Treadmill Crane
34:51 Imperial Age
34:26 Husbandry
35:46 Hand Cart
35:11 Arbalester
36:26 Ring Archer Armor
37:47 Two-Man Saw
37:07 Bracer
43:06 Chemistry
42:37 Architecture
41:56 Onager
43:27 Yeomen
44:13 Siege Engineers
46:56 Warwolf
49:32 Conscription
49:48 Hoardings
49:17 Caravan
fran135
11:12 Feudal Age
16:17 Castle Age
14:52 Double-Bit Axe
17:56 Bow Saw
25:17 Wheelbarrow
24:29 Loom
24:30 Town Watch
26:20 Husbandry
26:36 Squires
26:22 Gambesons
26:23 Arson
26:47 Gold Mining
27:07 Stone Mining
28:03 Gold Shaft Mining
27:51 Hand Cart
27:50 Town Patrol
29:19 Forging
29:10 Scale Mail Armor
29:16 Scale Barding Armor
33:16 Imperial Age
31:52 Iron Casting
33:17 Cavalier
35:01 Blast Furnace
34:17 Chain Mail Armor
34:23 Chain Barding Armor
34:27 Chivalry
34:53 Conscription
34:58 Paladin
37:52 Plate Mail Armor
38:12 Plate Barding Armor
38:06 Elite Throwing Axeman
45:17 Plate Mail Armor
Fresh Dumbledore
9:49 Feudal Age
14:06 Castle Age
12:07 Double-Bit Axe
13:31 Horse Collar
18:25 Bow Saw
20:09 Heavy Plow
20:42 Stone Mining
21:57 Wheelbarrow
21:09 Loom
22:25 Gold Mining
22:50 Scale Barding Armor
23:56 Gold Shaft Mining
23:43 Husbandry
23:56 Bloodlines
26:51 Chain Barding Armor
29:18 Thumb Ring
31:05 Corvinian Army
36:21 Imperial Age
34:10 Hand Cart
35:52 Ballistics
36:30 Elite Magyar Huszar
37:15 Recurve Bow
37:46 Parthian Tactics
37:53 Heavy Cavalry Archer
钢的根
12:07 Feudal Age
17:31 Castle Age
16:25 Horse Collar
19:32 Wheelbarrow
20:12 Double-Bit Axe
23:56 Pikeman
24:24 Gambesons
24:33 Gambesons
26:11 Scale Mail Armor
28:50 Hand Cart
31:21 Imperial Age
29:26 Husbandry
29:41 Forging
31:00 Bow Saw
30:49 Gold Mining
31:00 Town Watch
32:53 Conscription
34:30 Iron Casting
34:10 Chain Mail Armor
34:41 Heavy Plow
35:25 Heavy Scorpion
38:05 Capped Ram
41:57 Blast Furnace
41:27 Plate Mail Armor
41:12 Siege Ram
42:20 Halberdier
45:45 Elite Skirmisher
48:42 Man-at-Arms
49:28 Long Swordsman
51:07 Gold Shaft Mining
Raikage
12:07 Feudal Age
16:27 Castle Age
21:34 Imperial Age
20:10 Padded Archer Armor
20:15 Double-Bit Axe
20:45 Gold Mining
21:04 Horse Collar
23:54 Bow Saw
27:28 Gold Shaft Mining
32:35 Wheelbarrow
31:47 Loom
32:50 Heavy Plow
34:11 Hand Cart
35:02 Leather Archer Armor
38:15 Ring Archer Armor
40:28 Town Watch
43:47 Ballistics
45:22 Guard Tower
45:44 Fortified Wall
49:20 Masonry
Tycho
3:26 Loom
12:22 Feudal Age
13:18 Man-at-Arms
13:55 Double-Bit Axe
16:09 Wheelbarrow
15:19 Town Watch
18:55 Horse Collar
26:03 Castle Age
27:25 Bow Saw
27:17 Heavy Plow
27:41 Hand Cart
27:51 Husbandry
27:13 Light Cavalry
27:15 Elite Skirmisher
27:19 Pikeman
28:01 Squires
27:41 Long Swordsman
29:03 Ballistics
29:44 Chemistry
29:58 Padded Archer Armor
29:48 Fletching
32:38 Wagenburg Tactics
37:15 Imperial Age
35:44 Forging
35:36 Scale Mail Armor
35:31 Bodkin Arrow
35:51 Leather Archer Armor
39:04 Halberdier
40:48 Elite Hussite Wagon
42:40 Bracer
43:11 Ring Archer Armor
43:17 Iron Casting
43:55 Conscription
47:28 Ring Archer Armor
AGABEY
2:44 Loom
13:24 Feudal Age
14:06 Double-Bit Axe
14:58 Wheelbarrow
14:06 Horse Collar
14:18 Gold Mining
15:21 Stone Mining
22:22 Castle Age
21:38 Forging
21:30 Scale Mail Armor
21:21 Fletching
21:42 Arson
22:54 Padded Archer Armor
24:39 Pikeman
25:21 Squires
25:07 Gambesons
24:44 Elite Skirmisher
26:18 Hand Cart
27:30 Iron Casting
27:10 Chain Mail Armor
26:51 Bodkin Arrow
27:16 Bow Saw
27:08 Heavy Plow
27:45 Gold Shaft Mining
30:36 Atlatl
33:51 Ballistics
33:28 Murder Holes
33:13 Treadmill Crane
39:14 Imperial Age
37:01 Caravan
38:54 Stone Shaft Mining
41:15 Conscription
41:17 Garland Wars
41:45 Crop Rotation
42:23 Chemistry
44:08 Chain Mail Armor
44:54 Blast Furnace
43:49 Bodkin Arrow
44:10 Leather Archer Armor
43:21 Elite Jaguar Warrior
Donald
10:07 Feudal Age
14:45 Castle Age
12:57 Double-Bit Axe
13:18 Horse Collar
15:43 Bow Saw
19:07 Wheelbarrow
19:24 Heavy Plow
21:53 Stone Mining
23:11 Stone Shaft Mining
23:25 Gold Mining
24:36 Loom
28:12 Imperial Age
25:50 Fletching
26:36 Ballistics
26:34 Bodkin Arrow
27:29 Padded Archer Armor
27:50 Hand Cart
28:36 Leather Archer Armor
28:12 Crossbowman
30:11 Chemistry
29:08 Arbalester
30:59 Bracer
31:15 Scale Mail Armor
31:25 Forging
30:42 Pikeman
32:03 Thumb Ring
31:52 Halberdier
34:14 Ring Archer Armor
34:00 Chain Mail Armor
34:21 Iron Casting
34:32 Crop Rotation
34:37 Scale Barding Armor
34:31 Elite Cataphract
36:15 Chain Barding Armor
37:34 Plate Barding Armor
37:35 Iron Casting
39:01 Chain Mail Armor
39:35 Elite Skirmisher
42:03 Plate Mail Armor
44:01 Conscription
44:17 Hoardings
44:48 Murder Holes
45:04 Fortified Wall
44:34 Treadmill Crane
Connection lost

Rejoining the realm…

Still unreachable

The connection could not be restored.

Session expired

The server has moved on; the page needs a fresh start.